AoeStats
← Barón de la Cerveza

Arabia

509216491Analyzed
1v1 RM · 6d ago on Sep 25, 2026· 39m 58s· 2 players
Game mode
Random Map
Map size
Tiny (2 player)
Population
200
Speed
Normal
Resources
Standard
Victory
Conquest
Starting age
Dark Age
Ending age
Imperial Age
RankedLock teamsTeams togetherTeam positionsShared explorationLock speedFull tech treeHidden civsTurbo modeCheats
Victory
Defeat
🇺🇸 Inca · United States
1906
+15
🇲🇽 Berbers · Mexico
1890
-15
Barón de la Cerveza
6:29 Loom
9:21 Feudal Age
9:25 Man-at-Arms
11:51 Double-Bit Axe
13:19 Fletching
22:30 Castle Age
22:08 Gold Mining
22:18 Horse Collar
24:03 Heavy Plow
24:15 Bow Saw
29:50 Stone Mining
38:47 Light Cavalry
Escalus
6:12 Loom
8:52 Feudal Age
9:18 Champi Runner
10:12 Double-Bit Axe
14:24 Fletching
16:07 Padded Archer Armor
18:11 Scale Mail Armor
22:40 Castle Age
20:55 Horse Collar
21:32 Gold Mining
22:43 Forging
22:55 Champi Warrior
24:43 Chain Mail Armor
24:41 Pikeman
27:09 Squires
27:57 Bow Saw
28:20 Stone Mining
29:25 Wheelbarrow
29:33 Sanctity
29:59 Town Watch
34:58 Heavy Plow
39:34 Imperial Age
37:02 Bodkin Arrow
38:04 Leather Archer Armor
37:10 Elite Skirmisher
38:50 Hand Cart
40:08 Ballistics
40:43 Conscription
Connection lost

Rejoining the realm…

Still unreachable

The connection could not be restored.

Session expired

The server has moved on; the page needs a fresh start.